 Dungeon Crawl Stone Soup version 0.31-a0-1074-g0b22e4e0f1 (webtiles) character file.

Game seed: 11493946694987697920

5750 croobank the Trooper (level 10, -9/88 HPs)
             Began as a Black Draconian Shapeshifter on Dec 4, 2023.
             Was an Elder of Nemelex Xobeh.
             Mangled by a cyclops (29 damage)
             ... on level 10 of the Dungeon.
             The game lasted 00:21:39 (8187 turns).

croobank the Trooper (Black Draconian Shapeshifter) Turns: 8187, Time: 00:21:40

Health: -9/88      AC:  7    Str: 17    XL:     10   Next: 49%
Magic:  24/24      EV: 14    Int: 14    God:    Nemelex Xobeh [****..]
Gold:   383        SH:  5    Dex: 11    Spells: 9/9 levels left

rFire   . . .        l - +2 dagger (venom)
rCold   . . .        (no shield)
rNeg    . . .        (body armour unavailable)
rPois   +            (helmet currently unavailable)
rElec   +            (cloak currently unavailable)
rCorr   .            (gloves currently unavailable)
SInv    .            (boots currently unavailable)
Will    .....        x - amulet of reflection
Stlth   +            f - ring of magical power
HPRegen 0.34/turn    H - ring of poison resistance
MPRegen 0.19/turn

%: reflection
@: short of breath, beast-form
A: beast (slay +4), breathe lightning, AC +7, unfitting armour, electricity
resistance, cold-blooded
a: Breathe Lightning, Begin Untransformation, Renounce Religion, Draw Escape,
Draw Destruction, Draw Summoning, Triple Draw, Deal Four


You were on level 10 of the Dungeon.
You worshipped Nemelex Xobeh.
Nemelex Xobeh was greatly pleased with you.
You were a hulking beast.
You visited 1 branch of the dungeon, and saw 11 of its levels.

You collected 383 gold pieces.

Inventory:

Hand Weapons
 l - a +2 dagger of venom (weapon)
 v - a +2 spear of flaming
 C - a +3 scimitar
 D - a +1 morningstar of freezing
 E - a +5 hand axe
 G - a +0 antimagic scimitar
 M - a +1 dagger of speed
Missiles
 o - 5 poisoned darts
 F - 8 boomerangs
Magical Staves
 g - a staff of earth
Jewellery
 f - a ring of magical power (left hand)
 x - an amulet of reflection (around neck)
 H - a ring of poison resistance (right hand)
 L - an amulet of magic regeneration
Talismans
 b - a beast talisman (active)
 c - a flux talisman
 y - a serpent talisman
Wands
 i - a wand of charming (7)
 s - a wand of flame (33)
 I - a wand of acid (4)
 N - a wand of iceblast (8)
Scrolls
 h - 2 scrolls of vulnerability
 j - 2 scrolls of fear
 k - a scroll of silence {unknown}
 m - a scroll of amnesia {unknown}
 n - 3 scrolls of teleportation
 q - a scroll of revelation {unknown}
 t - a scroll of enchant weapon {unknown}
 u - a scroll of poison {unknown}
 B - a scroll of enchant armour {unknown}
Potions
 a - a potion of lignification
 d - a potion of ambrosia
 e - a potion of heal wounds
 p - 4 potions of haste
 r - a potion of brilliance
 w - a potion of mutation
 z - 2 potions of enlightenment
 A - a potion of curing
 J - a potion of attraction
 O - a potion of cancellation {unknown}


   Skills:
 + Level 7.8 Fighting
 + Level 6.7 Dodging
 + Level 7.8 Unarmed Combat
 + Level 7.5 Invocations
 + Level 7.2 Shapeshifting


You had 9 spell levels left.
You didn't know any spells.
Your spell library contained the following spells:

 Spells                   Type           Power      Damage    Failure   Level
 Ozocubu's Armour         Ice            0%         N/A       65%         3
 Stone Arrow              Conj/Erth      0%         3d7       65%         3
 Volatile Blastmotes      Fire/Tloc      0%         2d10      65%         3
 Fulminant Prism          Conj/Hex       0%         3d5       96%         4
 Iskenderun's Mystic Bla  Conj/Tloc      0%         2d3       96%         4
 Leda's Liquefaction      Hex/Erth       0%         N/A       96%         4
 Lee's Rapid Deconstruct  Erth           0%         3d4*      100%        5
 Bombard                  Conj/Erth      0%         9d1       100%        6
 Ozocubu's Refrigeration  Ice            0%         4d7       100%        7
 Lehudib's Crystal Spear  Conj/Erth      0%         10d2      100%        8
 Animate Armour           Summ/Erth      Unusable   N/A       N/A         4

Dungeon Overview and Level Annotations

Branches:
Dungeon (11/15)            Temple (0/1) D:6            Lair (0/5) D:11
    Orc: D:9-12

Altars:
Elyvilon
Gozag
Kikubaaqudgha
Nemelex Xobeh
Ru
Uskayaw
Wu Jian

Shops:
D:4 [   D:6 (

Annotations:
D:10 Maurice


Innate Abilities, Weirdness & Mutations

You are a hulking beast.
Your limbs bulge with bestial killing power. (Slay +4)
You can breathe wild blasts of lightning.
Your glossy black scales are hard. (AC +7)
You cannot fit into any form of body armour.
You are resistant to electric shocks. (rElec)
You are cold-blooded and may be slowed by cold attacks.


Message History

You hear a shout!
A cyclops comes into view.
Found a shiny scale mail.
The cyclops shouts!
The centaur warrior shoots an arrow.
The arrow hits you!!
The cyclops throws a large rock.
The large rock barely misses you.
A yak comes into view.
The yak bellows!
You hear a bellow! x2
The centaur warrior shoots an arrow.
The arrow closely misses you.
A hornet comes into view.
The centaur warrior shoots an arrow.
You block the arrow with an invisible shield... and reflect it back!
The arrow hits the centaur warrior!
The hornet buzzes angrily.
Activating: Breathe Lightning (3% risk of failure)
Press: ? - help, Dir - look around, f - activate You breathe a wild blast of lightning!
The bolt of lightning misses you.
You hear a bellow!
You draw a card...
You have drawn Exile.
The hornet is devoured by a tear in reality.
The centaur warrior unwields a +0 orcbow.
The centaur warrior hits you! The centaur warrior barely misses you.
The cyclops hits you!
You draw a card...
You have drawn the Orb.
Press: ? - help, Shift-Dir - straight line, f - cyclops
Aim: a cyclops, quivering large rocks (translocational energy)
Your orb of destruction hits a crystal wall.
The wavering orb of destruction weakly hits the cyclops!
The cyclops is moderately wounded.
The wavering orb of destruction weakly hits the centaur warrior!
The centaur warrior is heavily wounded.
Your orb of destruction hits a crystal wall.
The centaur warrior hits you!
* * * LOW HITPOINT WARNING * * *
The centaur warrior closely misses you. x2
The centaur warrior completely misses you.
The cyclops hits you!!
You die...
Your body disappears without a glow.

### .. ..
.##### .....###
####......#
##.*.*.[...#
#...○○###...
#(.##h..#
#..#Cc*Y#
....§.).....
#...#.§..#..#..
#...#...##..#
#...###.. .# #
... ## ..#


You could see a centaur warrior, a cyclops (ally target) and a yak (ally
target).

Vanquished Creatures
  2 two-headed ogres
  2 kobold demonologists (D:11)
  A komodo dragon (D:11)
  A shadow (D:11)
  Grum (D:8)
  A basilisk (D:11)
  Menkaure (D:6)
  A vampire mosquito (D:11)
  A water moccasin (D:5)
  An acid dragon (D:10)
  Duvessa (D:7)
  A black bear (D:6)
  2 orc warriors
  A sky beast (D:6)
  A boggart (D:6)
  2 ogres
  2 wolves (D:8)
  A kobold brigand (D:11)
  A bullfrog (D:7)
  2 scorpions
  5 wights (D:6)
  Dowan (D:7)
  2 killer bees
  4 hounds
  4 jellies
  4 orc priests
  A sleepcap (D:5)
  4 iguanas
  12 orc wizards
  4 gnolls (D:4)
  3 adders
  A shadow imp (D:7)
  A white imp (D:5)
  2 ufetubi (D:5)
  A worm (D:3)
  7 dart slugs
  27 orcs
  11 endoplasms
  8 giant cockroaches
  5 hobgoblins
  5 jackals (D:1)
  12 kobolds
  6 quokkas
  7 ball pythons
  6 bats
  6 frilled lizards
  8 goblins
  7 rats
190 creatures vanquished.

Vanquished Creatures (collateral kills)
  A wraith (D:10)
  A ballistomycete (D:6)
2 creatures vanquished.

Vanquished Creatures (others)
  2 giant cockroaches (D:6)
  A quokka (D:6)
  2 ballistomycete spores (D:6)
5 creatures vanquished.

Grand Total: 197 creatures vanquished

Notes
Turn   | Place    | Note
-------+----------+-------------------------------------------
     0 | D:1      | croobank the Draconian Shapeshifter began the quest for the
                  | Orb.
     0 | D:1      | Reached XP level 1. HP: 16/16 MP: 1/1
   150 | D:1      | Found a faded altar of an unknown god.
   160 | D:1      | Reached XP level 2. HP: 21/23 MP: 2/2
   169 | D:1      | Prayed at the altar of an unknown god.
   169 | D:1      | Became a worshipper of Nemelex Xobeh the Trickster
   169 | D:1      | Reached * piety under Nemelex Xobeh
   344 | D:1      | Reached XP level 3. HP: 29/29 MP: 3/3
   417 | D:1      | Received a gift from Nemelex Xobeh
   964 | D:2      | Reached ** piety under Nemelex Xobeh
   999 | D:2      | Reached skill level 1 in Invocations
  1307 | D:2      | Reached XP level 4. HP: 29/36 MP: 4/4
  1669 | D:3      | Received a gift from Nemelex Xobeh
  1940 | D:3      | Found a sacrificial altar of Ru.
  2106 | D:3      | Received a gift from Nemelex Xobeh
  2546 | D:4      | Reached XP level 5. HP: 36/42 MP: 6/6
  2625 | D:4      | Reached *** piety under Nemelex Xobeh
  2730 | D:4      | Noticed an ogre
  2743 | D:4      | Killed an ogre
  2744 | D:4      | Reached XP level 6. HP: 16/51 MP: 7/7
  3204 | D:4      | Received a gift from Nemelex Xobeh
  3676 | D:4      | Found Gogehe's Armour Shop.
  3947 | D:5      | Entered Level 5 of the Dungeon
  4042 | D:5      | Your scales start taking on a glossy black colour.
  4042 | D:5      | Reached XP level 7. HP: 50/58 MP: 9/9
  4042 | D:5      | Gained mutation: You are resistant to electric shocks.
                  | (rElec) [Black Draconian growth]
  4302 | D:5      | Received a gift from Nemelex Xobeh
  4491 | D:5      | Found an ancient bone altar of Kikubaaqudgha.
  4509 | D:5      | Reached **** piety under Nemelex Xobeh
  4851 | D:6      | Reached skill level 5 in Unarmed Combat
  4871 | D:6      | Found Taerody's Weapon Emporium.
  4928 | D:6      | Received a gift from Nemelex Xobeh
  4976 | D:6      | Reached XP level 8. HP: 53/67 MP: 11/11
  5096 | D:6      | Reached skill level 5 in Shapeshifting
  5131 | D:6      | Noticed Menkaure
  5141 | D:6      | Killed Menkaure
  5163 | D:6      | Reached skill level 5 in Fighting
  5442 | D:6      | Reached skill level 5 in Invocations
  5667 | D:6      | Found a staircase to the Ecumenical Temple.
  5948 | D:6      | Identified the blade talisman of Tenuv {rN+ Str+2 Slay-5
                  | Stlth+}
  6165 | D:7      | Reached skill level 5 in Dodging
  6263 | D:7      | Found an ornate altar of the Wu Jian Council.
  6452 | D:7      | Reached XP level 9. HP: 57/75 MP: 13/13
  6822 | D:7      | Noticed Dowan
  6827 | D:7      | Noticed Duvessa
  6833 | D:7      | Killed Dowan
  6838 | D:7      | Killed Duvessa
  7028 | D:7      | Received a gift from Nemelex Xobeh
  7396 | D:8      | Noticed Grum
  7412 | D:8      | Killed Grum
  7578 | D:9      | You fall into a shaft and drop 2 floors!
  7578 | D:11     | Found a staircase to the Lair.
  7627 | D:11     | Noticed a komodo dragon
  7630 | D:11     | Killed a komodo dragon
  7657 | D:11     | Noticed a cyclops
  7684 | D:11     | Noticed a two-headed ogre
  7694 | D:11     | Killed a two-headed ogre
  7695 | D:11     | Reached XP level 10. HP: 31/86 MP: 15/15
  7874 | D:11     | Received a gift from Nemelex Xobeh
  7933 | D:10     | Entered Level 10 of the Dungeon
  7978 | D:10     | Found a white marble altar of Elyvilon.
  8010 | D:10     | Noticed a two-headed ogre
  8020 | D:10     | Killed a two-headed ogre
  8117 | D:10     | Found an opulent altar of Gozag.
  8124 | D:10     | Found a hide-covered altar of Uskayaw.
  8168 | D:10     | Noticed Maurice
  8181 | D:10     | Noticed a centaur warrior
  8183 | D:10     | Noticed a cyclops
  8187 | D:10     | Mangled by a cyclops

Illustrated notes

Levels and vault maps discovered:
D:1:      lemuel_arrival_tunnels, layout_basic, ebering_ecumenical_altar_mist
D:2:      layout_loops_ring
D:3:      layout_basic, amcnicky_altar_gilded, nrook_mini_backslash
D:4:      nicolae_cairo_tiling, layout_gridville,
          eino_small_chamber_without_monster, serial_bayou_pond_a,
          kennysheep_windowed_goal
D:5:      layout_cave_pools, mainiacjoe_overflow_brackets
D:6:      layout_loops_ring, temple_hall, serial_shops, shop, uniq_menkaure
D:7:      layout_gridville, old_standard_altar, uniq_duvessa
D:8:      layout_basic, kennysheep_mini_moat, minmay_circle_x, uniq_grum
D:9:      layout_irregular_city, serial_shops, nicolae_shop_hallway_plus
D:10:     cheibrodos_shockbox, layout_loops_ring,
          amethyst_overflow_temple_binary, elyvilon_altar_5, tgw_trog,
          nicolae_elemental_shop, minmay_radiant, uniq_maurice
D:11:     layout_roguey, lair_entry_dummy, special_room [special_room_kobold],
          minmay_fractal_squares_5, uniq_josephine, uniq_amaemon

Skill      XL: |  1  2  3  4  5  6  7  8  9 10 |
---------------+-------------------------------+-----
Dodging        | 2 3 4 5 6 |  6.7
Fighting       | 2 3 4 5 7 |  7.8
Invocations    | 1 2 3 4 5 6 7 |  7.5
Unarmed Combat | 4 5 6 7 |  7.8
Shapeshifting  | 4 5 6 7 |  7.2

Action                     |  1- 3 |  4- 6 |  7- 9 | 10-12 || total
---------------------------+-------+-------+-------+-------++-------
  Melee: Unarmed           |   112 |       |       |       ||   112
         Tailslap          |    11 |    23 |    33 |     3 ||    70
         Punch             |     2 |     7 |     7 |     1 ||    17
         Dagger            |    17 |   157 |   171 |    26 ||   371
 Invoke: Draw Destruction  |       |       |     5 |     7 ||    12
         Draw Escape       |       |       |       |     1 ||     1
         Draw Summoning    |       |       |       |     1 ||     1
Ability: Breathe Lightning |       |       |    24 |     6 ||    30
  Evoke: Wand              |       |     2 |     7 |     2 ||    11
    Use: Potion            |       |     3 |     6 |       ||     9
         Scroll            |       |       |     5 |     6 ||    11
   Stab: Sleeping          |     1 |       |       |       ||     1
 Armour: Skin              |    53 |   106 |   196 |    22 ||   377
  Dodge: Dodged            |    85 |    94 |   171 |    22 ||   372
  Block: Other             |       |       |    29 |     7 ||    36
         Reflection        |       |       |     1 |     2 ||     3
   Form: Beast             |     1 |       |       |       ||     1

Table legend: (Time is in decaauts)
 A = Elapsed time spent in this place.
 B = Non-inter-level travel time spent in this place.
 C = Inter-level travel time spent in this place.
 D = Time resting spent in this place.
 E = Time spent auto-exploring this place.
 F = Levels seen in this place.
 G = Mean time per level.
                   A        B        C        D        E       F      G
               +--------+--------+--------+--------+--------+-----+--------+
         Total |   8197 |   8033 |    164 |   1962 |   4505 |  11 |  745.2 |
       Dungeon |   8197 |   8033 |    164 |   1962 |   4505 |  11 |  745.2 |
               +--------+--------+--------+--------+--------+-----+--------+

Top non-repeatable levels by time:
     D:4: 1575 daAuts
     D:7: 1414 daAuts
     D:6: 1064 daAuts
     D:1: 909 daAuts
     D:3: 861 daAuts
     D:5: 743 daAuts
     D:2: 740 daAuts
    D:11: 355 daAuts
    D:10: 264 daAuts
     D:9: 134 daAuts
     D:8: 133 daAuts
